 Dungeon Crawl Stone Soup version 0.31-a0-700-gf13585253f (webtiles) character file.

Game seed: 5906405881780170742

4024 qw the Skirmisher (level 10, 0/64 HPs)
             Began as a Gargoyle Hunter on Sept 7, 2023.
             Was a Follower of Okawaru.
             Slain by a purple ugly thing (11 damage)
             ... on level 7 of the Dungeon.
             The game lasted 00:02:34 (5871 turns).

qw the Skirmisher (Gargoyle Hunter)                 Turns: 5871, Time: 00:02:35

Health: 0/64       AC: 15    Str: 15    XL:     10   Next: 24%
Magic:  12/13      EV: 20    Int: 10    God:    Okawaru [*.....]
Gold:   343        SH:  0    Dex: 17    Spells: 9/9 levels left

rFire   . . .        Y - +0 longbow
rCold   + . .        (shield currently unavailable)
rNeg    + . .        c - +2 ring mail {rC+}
rPois   inf          (no helmet)
rElec   +            (no cloak)
rCorr   .            (no gloves)
SInv    +            (no boots)
Will    .....        (no amulet)
Stlth   +++          n - +5 ring of evasion
HPRegen 0.30/turn    k - ring of see invisible
MPRegen 0.13/turn

%: no passive effects
@: heroic
A: sickness immunity, AC +7, negative energy resistance 1, electricity
resistance, torment resistance 1, petrification resistance
a: Renounce Religion, Heroism


You were on level 7 of the Dungeon.
You worshipped Okawaru.
Okawaru was aware of your devotion.
You visited 2 branches of the dungeon, and saw 8 of its levels.

You collected 343 gold pieces.


Innate Abilities, Weirdness & Mutations

You are immune to sickness and miasma.
Your stone body is resilient. (AC +7)
You are immune to poison.
You resist negative energy. (rN+)
You are resistant to electric shocks. (rElec)
You are resistant to unholy torment.
You are immune to petrification.


   Skills:
 - Level 8.2(13.2) Fighting
 + Level 11.4(16.4) Ranged Weapons
 - Level 2.2(7.2) Armour
 - Level 4.3(9.3) Dodging
 - Level 1.1(6.1) Stealth
 - Level 4.0 Invocations


You had 9 spell levels left.
You didn't know any spells.
Your spell library was empty.

Inventory:

Hand Weapons
 Y - a +0 longbow (weapon)
Armour
 c - a +2 ring mail of cold resistance (worn)
Jewellery
 b - the ring "Anone" {Ice Str+3 SInv}
   (You took it off a centaur on level 7 of the Dungeon)

   [ring of ice]

   Ice:       It enhances your ice magic.
   Str+3:     It affects your strength (+3).
   rF-:       It makes you vulnerable to fire.
   rC+:       It protects you from cold.
   SInv:      It lets you see invisible.
 d - a ring of positive energy
 k - a ring of see invisible (right hand)
 n - a +5 ring of evasion (left hand)
Scrolls
 g - 2 scrolls of identify
Potions
 a - a potion of curing
 f - a potion of resistance
 h - a potion of mutation {unknown}
 i - 3 potions of enlightenment {unknown}
 j - a potion of might
 l - a potion of attraction {unknown}

Dungeon Overview and Level Annotations

Branches:
Dungeon (7/15)             Temple (1/1) D:4

Altars:
Ashenzari
Cheibriados
Dithmenos
Elyvilon
Fedhas
Gozag
Hepliaklqana
Kikubaaqudgha
Makhleb
Okawaru
Qazlal
Ru
Sif Muna
Trog
Vehumet
Xom
Yredelemnul
Zin
The Shining One

Shops:
D:2 :   D:3 :


Message History

You shoot an arrow. The arrow hits the white ugly thing!
The white ugly thing is heavily wounded.
The white ugly thing stings you but does no damage.
You shoot an arrow. The arrow hits the white ugly thing!
The white ugly thing is severely wounded.
The white ugly thing stings you but does no damage.
You shoot an arrow. The arrow hits the white ugly thing!!
The white ugly thing is almost dead.
The white ugly thing stings you. The white ugly thing freezes you! You resist.
You shoot an arrow. The arrow hits the white ugly thing.
The white ugly thing is almost dead.
The white ugly thing completely misses you.
You shoot an arrow. The arrow hits the white ugly thing.
You kill the white ugly thing!
Okawaru is honoured by your kill.
You shoot an arrow. The arrow hits the purple ugly thing.
The purple ugly thing is lightly wounded.
The purple ugly thing completely misses you.
You shoot an arrow.
The arrow barely misses the purple ugly thing.
The arrow hits the steam dragon!
The steam dragon is heavily wounded.
The purple ugly thing tail-slaps you.
You shoot an arrow.
The arrow closely misses the purple ugly thing.
The arrow barely misses the steam dragon.
The purple ugly thing tail-slaps you but does no damage.
You shoot an arrow. The arrow hits the purple ugly thing!
The purple ugly thing is moderately wounded.
The purple ugly thing barely misses you.
You shoot an arrow. The arrow hits the purple ugly thing!
The purple ugly thing is heavily wounded.
The purple ugly thing completely misses you.
You shoot an arrow. The arrow hits the purple ugly thing!
The purple ugly thing is severely wounded.
The purple ugly thing misses you.
You shoot an arrow. The arrow hits the purple ugly thing.
The purple ugly thing is severely wounded.
The purple ugly thing tail-slaps you!
You die...

+.(....##..### .# #.#
##....## .## .# #.#
###...### #.# #.# ###...###
#.. #.# ###...### #.## #.#
#...### #.)## #.# #.###.#
#D|.# #)## #....# #u#[.C#
#)%### #.#### # #@###u)..
#....# #...### #. #...#
.#####.##.# ###...### ..
#...# ##..#:# .#
###...####.###..#####...#.#
# ###...###..#.####[.#..#.#
###...##..##..#..#..#.#
###..###..#..#..#.#)#####
##.....####..#..#.#......
##)...#...###..#..##.#####


You could see a purple ugly thing and a steam dragon.

Vanquished Creatures
  2 ugly things (D:7)
  A cyclops (D:7)
  Jeremiah (D:7)
  A vampire mosquito (D:7)
  A water moccasin (D:5)
  An orc warrior (D:6)
  A sky beast (D:7)
  2 black bears (D:4)
  An ice beast (D:6)
  2 ogres (D:4)
  3 centaurs
  A phantom (D:4)
  A kobold brigand (D:7)
  3 gnoll sergeants
  2 bullfrogs
  4 scorpions
  A howler monkey (D:6)
  An orc priest (D:2)
  2 hounds (D:5)
  3 iguanas
  A sleepcap (D:7)
  Ijyb (D:4)
  6 orc wizards
  Terence (D:3)
  8 adders
  10 gnolls
  A shadow imp (D:6)
  A white imp (D:7)
  A worm (D:2)
  16 orcs
  6 ball pythons
  4 bats
  7 endoplasms
  3 giant cockroaches
  5 goblins
  7 hobgoblins
  9 jackals
  4 quokkas
  3 frilled lizards (D:1)
  5 kobolds
  6 rats
139 creatures vanquished.

Notes
Turn   | Place    | Note
-------+----------+-------------------------------------------
     0 | D:1      | qw the Gargoyle Hunter began the quest for the Orb.
     0 | D:1      | Reached XP level 1. HP: 12/12 MP: 1/1
     0 | D:1      | 0 ||| qw: Version: 0.3-a-76-g4403597
     0 | D:1      | 0 ||| qw: Game counter: 604
     0 | D:1      | 0 ||| qw: Melee chars always use a shield: true
     0 | D:1      | 0 ||| qw: God list: Okawaru
     0 | D:1      | 0 ||| qw: Allow faded altars: false
     0 | D:1      | 0 ||| qw: Do Orc after clearing Dungeon:15 true
     0 | D:1      | 0 ||| qw: Do second Lair branch before Depths: true
     0 | D:1      | 0 ||| qw: Lair rune preference: random
     0 | D:1      | 0 ||| qw: Goals: Normal
     0 | D:1      | 0 ||| PLANNING D:1-11
    91 | D:1      | 91 ||| SWAPPING to +0 orcbow.
    93 | D:1      | 93 ||| DROPPING +0 shortbow.
   129 | D:1      | Reached XP level 2. HP: 17/17 MP: 2/2
   799 | D:1      | 799 ||| READING scroll labelled TUPTAGO FEASOXOA.
   800 | D:1      | 800 ||| READING 2 scrolls labelled AMIOBL ZOEHU.
   801 | D:1      | 801 ||| READING scroll labelled LUPOPL GOHYSK.
   802 | D:1      | 802 ||| READING scroll labelled DATAIM ITZOAS.
   803 | D:1      | 803 ||| READING scroll labelled HIOWAS WULLO.
   804 | D:1      | 804 ||| READING scroll labelled LOMNUY NERPH.
   809 | D:1      | 809 ||| DROPPING scroll of butterflies.
   810 | D:1      | 810 ||| DROPPING scroll of fear.
   917 | D:2      | Reached XP level 3. HP: 21/21 MP: 3/3
   953 | D:2      | Reached skill level 5 in Ranged Weapons
  1127 | D:2      | 1127 ||| FLEEEEING.
  1156 | D:2      | Found Fumis's Vocational Training.
  1463 | D:2      | 1463 ||| UPGRADING to +0 ring mail.
  1473 | D:2      | 1473 ||| DROPPING +0 leather armour.
  1474 | D:2      | 1474 ||| UPGRADING to ring of positive energy.
  1475 | D:2      | 1475 ||| UPGRADING to ring of see invisible.
  1476 | D:2      | 1476 ||| READING scroll labelled BIQUOTE ECRUUBRI.
  1477 | D:2      | 1477 ||| READING scroll labelled GAEVOA VAAS.
  1478 | D:2      | 1478 ||| DRINKING 2 silvery potions.
  1535 | D:3      | Noticed Terence
  1546 | D:3      | HP: 4/22 [Terence/+0 flail (4)]
  1547 | D:3      | 1547 ||| DRINKING potion of heal wounds.
  1553 | D:3      | Killed Terence
  1554 | D:3      | Reached skill level 1 in Armour
  1554 | D:3      | Reached XP level 4. HP: 22/27 MP: 4/4
  1714 | D:3      | Found a faded altar of an unknown god.
  1765 | D:3      | Reached skill level 3 in Fighting
  1822 | D:3      | 1822 ||| FLEEEEING.
  1832 | D:3      | 1832 ||| FLEEEEING.
  1833 | D:3      | 1833 ||| FLEEEEING.
  1834 | D:3      | 1834 ||| FLEEEEING.
  1835 | D:3      | 1835 ||| FLEEEEING.
  1836 | D:3      | 1836 ||| FLEEEEING.
  1837 | D:3      | 1837 ||| FLEEEEING.
  1838 | D:3      | 1838 ||| FLEEEEING.
  1839 | D:3      | 1839 ||| FLEEEEING.
  1840 | D:3      | 1840 ||| FLEEEEING.
  1841 | D:3      | 1841 ||| FLEEEEING.
  1842 | D:3      | 1842 ||| FLEEEEING.
  1843 | D:3      | 1843 ||| FLEEEEING.
  1846 | D:3      | 1846 ||| FLEEEEING.
  1847 | D:3      | 1847 ||| FLEEEEING.
  1848 | D:3      | 1848 ||| FLEEEEING.
  1849 | D:3      | 1849 ||| FLEEEEING.
  1850 | D:3      | 1850 ||| FLEEEEING.
  1851 | D:3      | 1851 ||| FLEEEEING.
  1852 | D:3      | 1852 ||| FLEEEEING.
  1861 | D:3      | 1861 ||| STAIRDANCE
  1873 | D:2      | 1873 ||| DRINKING 2 coppery potions.
  1874 | D:2      | 1874 ||| DROPPING potion of degeneration.
  1878 | D:3      | 1878 ||| STAIRDANCE
  1886 | D:3      | 1886 ||| STAIRDANCE
  1920 | D:3      | 1920 ||| STAIRDANCE
  1956 | D:3      | Reached XP level 5. HP: 32/32 MP: 5/5
  2099 | D:3      | Found Zibus's Book Shoppe.
  2370 | D:3      | 2370 ||| UPGRADING to +2 ring mail of cold resistance.
  2380 | D:3      | 2380 ||| DROPPING +0 ring mail.
  2434 | D:4      | Reached skill level 6 in Ranged Weapons
  2448 | D:4      | Reached XP level 6. HP: 19/38 MP: 6/6
  2624 | D:4      | Found a staircase to the Ecumenical Temple.
  2625 | D:4      | 2625 ||| PLANNING TEMPLE
  2651 | D:4      | Noticed Ijyb
  2652 | D:4      | Reached skill level 7 in Ranged Weapons
  2654 | D:4      | HP: 8/38 [Ijyb/iceblast (4)]
  2658 | D:4      | Noticed a black bear
  2659 | D:4      | 2659 ||| Stepping ~*~*~tactically~*~*~ (retreating).
  2659 | D:4      | HP: 7/38 [Ijyb/+0 dagger (2)]
  2660 | D:4      | 2660 ||| Stepping ~*~*~tactically~*~*~ (retreating).
  2661 | D:4      | 2661 ||| Stepping ~*~*~tactically~*~*~ (retreating).
  2662 | D:4      | 2662 ||| Stepping ~*~*~tactically~*~*~ (retreating).
  2663 | D:4      | 2663 ||| Stepping ~*~*~tactically~*~*~ (retreating).
  2664 | D:4      | 2664 ||| Stepping ~*~*~tactically~*~*~ (retreating).
  2668 | D:4      | HP: 6/38 [Ijyb/+0 dagger (4)]
  2674 | D:4      | Killed Ijyb
  2674 | D:4      | HP: 3/38 [black bear (5)]
  2675 | D:4      | HP: 1/38 [black bear (2)]
  2677 | D:4      | Killed a black bear
  2678 | D:4      | Reached XP level 7. HP: 1/43 MP: 7/7
  2815 | D:4      | HP: 10/43 [black bear (1)]
  2959 | Temple   | Entered the Ecumenical Temple
  2960 | Temple   | 2960 ||| PLANNING D:1-11
  3014 | D:4      | 3014 ||| SWAPPING to +0 longbow.
  3017 | D:4      | 3017 ||| DROPPING +0 orcbow.
  3098 | D:4      | Found a glowing golden altar of the Shining One.
  3219 | D:4      | Reached skill level 8 in Ranged Weapons
  3327 | D:4      | Found an iron altar of Okawaru.
  3328 | D:4      | 3328 ||| PLANNING OKAWARU WORSHIP
  3328 | D:4      | 3328 ||| UPGRADING to amulet of guardian spirit.
  3335 | D:4      | Became a worshipper of Warmaster Okawaru
  3336 | D:4      | 3336 ||| PLANNING D:1-11
  3336 | D:4      | 3336 ||| REMOVING amulet of guardian spirit.
  3498 | D:4      | 3498 ||| DROPPING amulet of guardian spirit.
  3519 | D:5      | Entered Level 5 of the Dungeon
  3799 | D:5      | Reached XP level 8. HP: 51/51 MP: 8/8
  3847 | D:5      | Reached * piety under Okawaru
  3850 | D:5      | 3850 ||| INVOKING Heroism.
  4091 | D:5      | 4091 ||| READING 3 scrolls labelled WEASUTORUTT.
  4092 | D:5      | 4092 ||| DRINKING 2 fuming clear potions.
  4093 | D:5      | 4093 ||| DRINKING 2 sapphire potions.
  4094 | D:5      | 4094 ||| READING 2 scrolls of identify.
  4094 | D:5      | 4094 ||| IDENTIFYING fizzy puce potion
  4095 | D:5      | 4095 ||| DROPPING potion of berserk rage.
  4096 | D:5      | 4096 ||| DROPPING 2 scrolls of revelation.
  4111 | D:6      | 4111 ||| STAIRDANCE
  4129 | D:6      | Reached skill level 9 in Ranged Weapons
  4193 | D:6      | Reached skill level 6 in Fighting
  4193 | D:6      | Reached skill level 1 in Invocations
  4268 | D:6      | Identified the +0 robe "Uroafatt" {Str+2 Int+5}
  4323 | D:6      | 4323 ||| INVOKING Heroism.
  4326 | D:6      | Reached skill level 3 in Invocations
  4330 | D:6      | 4330 ||| FLEEEEING.
  4397 | D:6      | 4397 ||| INVOKING Heroism.
  4409 | D:6      | 4409 ||| FLEEEEING.
  4410 | D:6      | 4410 ||| FLEEEEING.
  4411 | D:6      | 4411 ||| FLEEEEING.
  4412 | D:6      | 4412 ||| FLEEEEING.
  4413 | D:6      | 4413 ||| FLEEEEING.
  4414 | D:6      | 4414 ||| FLEEEEING.
  4415 | D:6      | 4415 ||| FLEEEEING.
  4416 | D:6      | 4416 ||| INVOKING Heroism.
  4450 | D:6      | 4450 ||| INVOKING Heroism.
  4454 | D:6      | Reached XP level 9. HP: 31/55 MP: 8/11
  4602 | D:6      | 4602 ||| INVOKING Heroism.
  4629 | D:6      | Found a shimmering blue altar of Sif Muna.
  4641 | D:6      | Reached skill level 10 in Ranged Weapons
  4987 | D:6      | Found a bloodstained altar of Trog.
  5029 | D:6      | Found an opulent altar of Gozag.
  5150 | D:6      | 5150 ||| DROPPING +0 robe "Uroafatt" {Str+2 Int+5}.
  5151 | D:6      | 5151 ||| UPGRADING to +5 ring of evasion.
  5153 | D:6      | 5153 ||| READING scroll labelled KEHIBODOIM.
  5154 | D:6      | 5154 ||| READING 2 scrolls of identify.
  5154 | D:6      | 5154 ||| IDENTIFYING smoky dark potion
  5196 | D:7      | 5196 ||| RETREATING.
  5199 | D:7      | 5199 ||| Stepping ~*~*~tactically~*~*~ (outnumbered).
  5201 | D:7      | 5201 ||| Stepping ~*~*~tactically~*~*~ (outnumbered).
  5212 | D:7      | 5212 ||| INVOKING Heroism.
  5412 | D:7      | Noticed Jeremiah
  5413 | D:7      | 5413 ||| Stepping ~*~*~tactically~*~*~ (retreating).
  5425 | D:7      | 5425 ||| INVOKING Heroism.
  5437 | D:7      | HP: 7/57 [Jeremiah/+2 trident of draining (8)]
  5438 | D:7      | 5438 ||| READING scroll of teleportation.
  5439 | D:7      | 5439 ||| DRINKING potion of heal wounds.
  5495 | D:7      | 5495 ||| INVOKING Heroism.
  5511 | D:7      | Killed Jeremiah
  5513 | D:7      | Identified the ring "Anone" {Ice Str+3 SInv}
  5514 | D:7      | HP: 6/57 [centaur/bolt (22)]
  5515 | D:7      | 5515 ||| INVOKING Heroism.
  5583 | D:7      | 5583 ||| INVOKING Heroism.
  5599 | D:7      | Reached skill level 11 in Ranged Weapons
  5669 | D:7      | 5669 ||| INVOKING Heroism.
  5833 | D:7      | Noticed a white ugly thing
  5833 | D:7      | Noticed a green ugly thing
  5833 | D:7      | Noticed a cyclops
  5833 | D:7      | Noticed a green ugly thing
  5834 | D:7      | 5834 ||| Stepping ~*~*~tactically~*~*~ (retreating).
  5835 | D:7      | 5835 ||| Stepping ~*~*~tactically~*~*~ (retreating).
  5853 | D:7      | Killed a red ugly thing
  5854 | D:7      | 5854 ||| INVOKING Heroism.
  5859 | D:7      | Killed a cyclops
  5860 | D:7      | Reached XP level 10. HP: 27/64 MP: 10/13
  5862 | D:7      | HP: 13/64 [white ugly thing (9)]
  5864 | D:7      | Killed a white ugly thing
  5871 | D:7      | Slain by a purple ugly thing

Levels and vault maps discovered:
D:1:      zaba_arrival_water, layout_basic, grunt_decor_clamped
D:2:      layout_basic, nicolae_shop_vocational
D:3:      minmay_spotlight, layout_rooms,
          hellmonk_ecumenical_altar_pennies_from_heaven, serial_shops,
          nicolae_shop_window_shopping, uniq_terence
D:4:      layout_loops_cross, tso_oasis_becter, marbit_many_paths,
          minmay_temple_entry_butterflies, uniq_ijyb
D:5:      layout_basic, minmay_circle_x
D:6:      layout_loops_ring, kennysheep_orc_sif_temple,
          mainiacjoe_overflow_large_starburst
D:7:      minmay_the_grid_triangle_9x9_recursive_2
          [minmay_the_grid_triangle_9x9_prize_schism,
          minmay_the_grid_triangle_9x9_checkered,
          minmay_the_grid_triangle_9x9_odd_lines,
          minmay_the_grid_triangle_9x9_corruption], layout_basic,
          hangedman_decor_slide_cut, uniq_jeremiah
Temple:   eino_narrow_crystal_temple

Skill      XL: |  1  2  3  4  5  6  7  8  9 |
---------------+----------------------------+-----
Ranged Weapons | 5 6 7 8 9 11 | 11.4
Armour         | 1 2 |  2.2
Fighting       | 3 4 5 6 8 |  8.2
Dodging        | 2 4 |  4.3
Invocations    | 3 4 |  4.0
Stealth        | |  1.1

Action                     |  1- 3 |  4- 6 |  7- 9 | 10-12 || total
---------------------------+-------+-------+-------+-------++-------
   Fire: Shortbow          |     8 |       |       |       ||     8
         Orcbow            |    91 |   143 |    22 |       ||   256
         Longbow           |       |       |   292 |    12 ||   304
 Invoke: Heroism           |       |       |    13 |       ||    13
    Use: Scroll            |     8 |       |     5 |       ||    13
         Potion            |     2 |     1 |     3 |       ||     6
 Armour: Leather armour    |    12 |       |       |       ||    12
         Ring mail         |    13 |   100 |   199 |     6 ||   318
  Dodge: Dodged            |    13 |    84 |   169 |     5 ||   271

Table legend:
 A = Non-vault XP
 B = Vault XP
 C = Vault XP percentage of total XP
 D = Non-vault monster count
 E = Vault monster count
 F = Vault count percentage of total count
                 A         B        C        D         E       F
            +---------+---------+-------+---------+---------+-------
      Total |    2315 |    3434 |  59.7 |     109 |      30 |  21.6
            +---------+---------+-------+---------+---------+-------
        D:1 |      32 |       0 |   0.0 |      20 |       0 |   0.0
        D:2 |      82 |       0 |   0.0 |      15 |       0 |   0.0
        D:3 |      44 |      78 |  63.9 |      16 |       6 |  27.3
        D:4 |     765 |      38 |   4.7 |      17 |       2 |  10.5
        D:5 |     210 |     301 |  58.9 |       7 |       6 |  46.2
        D:6 |     975 |     312 |  24.2 |      25 |       6 |  19.4
        D:7 |     207 |    2705 |  92.9 |       9 |      10 |  52.6
            +---------+---------+-------+---------+---------+-------
